Map: Ulrena

Players

Shadver - Winner!

  • Race: Protoss Protoss
  • League: Diamond

gnarwhal

  • Race: Zerg Zerg
  • League: Diamond

VOD

Have the link to the VOD?

Description

Time

  • Played on: May 14, 2016, 3:12 p.m.
  • Length: 7:01
Show
View Real Time Build Order
Export as new Build Order

Shadver Protoss - Winner!

Build Orders:  

Get SALT Encoding   

  12  0:01  Probe (Chrono Boost)  
  13  0:11  Probe (Chrono Boost)  
  14  0:19  Pylon  
  14  0:22  Probe (Chrono Boost)  
  15  0:37  Probe (Chrono Boost)  
  15  0:38  Gateway  
  16  0:44  Assimilator  
  16  0:48  Probe (Chrono Boost)  
  17  0:58  Probe (Chrono Boost)  
  17  1:04  Gateway  
  18  1:09  Probe (Chrono Boost)  
  19  1:20  Probe (Chrono Boost)  
  19  1:23  Pylon  
  20  1:27  Cybernetics Core  
  20  1:31  Probe (Chrono Boost)  
  21  1:38  Zealot (Chrono Boost)  
  23  1:42  Probe  
  24  1:54  Probe  
  25  2:05  Warp Gate (Chrono Boost), Adept (Chrono Boost)  
  25  2:06  Probe  
  25  2:07  Adept (Chrono Boost)  
  30  2:30  Nexus  
  30  2:38  Pylon  
  30  2:51  Robotics Facility  
  30  2:54  Assimilator  
  30  2:55  Probe  
  31  3:12  Probe  
  32  3:24  Probe  
  28  3:42  Pylon  
  28  3:44  Mothership Core (Chrono Boost)  
  28  3:47  Pylon  
  29  3:51  Immortal (Chrono Boost)  
  33  3:58  Adept  
  33  3:59  Adept  
  35  4:09  Probe  
  35  4:10  Probe  
  37  4:19  Probe  
  37  4:21  Adept x2  
  37  4:23  Probe  
  43  4:28  Immortal (Chrono Boost)  
  47  4:45  Gateway  
  47  4:48  Gateway, Probe  
  47  4:49  Probe  
  49  4:57  Sentry  
  51  5:00  Warp Prism (Chrono Boost)  
  51  5:02  Probe  
  51  5:03  Probe  
  55  5:08  Sentry  
  57  5:17  Gateway  
  57  5:22  Pylon  
  57  5:26  Zealot  
  59  5:41  Adept x2  
  63  5:47  Adept x2  
  67  6:00  Adept  
  69  6:07  Pylon  
  69  6:08  Pylon  
  69  6:16  Adept  
  69  6:17  Adept x3  
  69  6:26  Probe x2  
  75  6:36  Adept  
  75  6:39  Adept x2  
  81  6:40  Adept x2  
  83  6:55  Adept  
  83  7:00  Adept x2  
  83  7:01  Adept x2  
Show
View Real Time Build Order
Export as new Build Order

gnarwhal Zerg 

Build Orders: Hatch First 

Get SALT Encoding   

  12  0:05  Drone  
  13  0:11  Drone  
  14  0:19  Overlord  
  14  0:25  Extractor, Drone  
  15  0:40  Drone x2  
  17  0:56  Drone  
  18  0:57  Hatchery  
  18  0:59  Drone  
  18  1:02  Extractor  
  17  1:15  Spawning Pool  
  16  1:19  Drone  
  16  1:23  Drone  
  18  1:31  Drone  
  19  1:43  Overlord  
  20  1:54  Drone  
  20  2:02  Metabolic Boost  
  20  2:04  Zergling x2  
  21  2:09  Queen  
  21  2:10  Drone  
  21  2:15  Drone  
  25  2:24  Drone  
  25  2:25  Drone  
  27  2:30  Queen, Extractor  
  27  2:33  Drone  
  29  2:41  Zergling x2  
  29  2:43  Drone  
  30  2:46  Zergling x2  
  30  2:48  Spine Crawler  
  31  2:53  Zergling x2  
  25  3:14  Zergling x2  
  25  3:15  Zergling x6  
  24  3:37  Zergling x6  
  24  3:38  Zergling x2, Baneling Nest  
  25  3:53  Zergling x6  
  28  4:06  Drone x2  
  30  4:19  Drone x5  
  33  4:33  Drone x3  
  35  4:45  Overlord  
  35  4:57  Hatchery  
  35  4:58  Pneumatized Carapace  
  34  5:02  Drone x2  
  34  5:04  Drone  
  34  5:05  Drone  
  38  5:18  Drone x4  
  42  5:28  Drone  
  42  5:29  Drone  
  44  5:36  Evolution Chamber x2  
  42  5:47  Extractor  
  42  5:48  Extractor  
  42  5:49  Drone x3  
  43  5:52  Zergling x2  
  43  5:55  Baneling x4  
  43  5:56  Baneling x2  
  45  6:04  Overlord x2  
  43  6:18  Zergling x6  
  43  6:19  Zergling x10  
  50  6:26  Zergling x4  
  50  6:27  Zergling x10  
  50  6:30  Baneling x3  
  50  6:31  Baneling x2  
  57  6:34  Zergling x8  
  59  6:41  Overlord  
Tags
 
Add a new tag
Caveats
  • Supply blocks, unpowered buildings, or Contaminate may cause inaccurate times.
  • Supply counts are checked every 10 seconds.